 Dungeon Crawl Stone Soup version 0.31-a0-149-g3fdcc5976a (webtiles) character file.

Game seed: 1131662279619139229

22 xian the Vexing (level 2, 0/19 HPs)
             Began as a Demonspawn Enchanter on June 7, 2023.
             Slain by Terence
             ... wielding a +0 flail
              (6 damage)
             ... on level 2 of the Dungeon.
             The game lasted 00:02:18 (925 turns).

xian the Vexing (Demonspawn Enchanter)               Turns: 925, Time: 00:02:19

Health: 0/19       AC:  5    Str:  8    XL:     2   Next: 68%
Magic:  5/5        EV: 12    Int: 16    God:
Gold:   42         SH:  0    Dex: 13    Spells: 3/5 levels left

rFire   . . .        f - +2 dagger (venom)
rCold   . . .        (no shield)
rNeg    . . .        b - +0 robe
rPois   .            (no helmet)
rElec   .            h - +0 cloak
rCorr   .            (no gloves)
SInv    .            (no boots)
Will    .....        i - amulet of the acrobat
Stlth   ++           (no ring)
HPRegen 0.23/turn    (no ring)
MPRegen 0.09/turn

%: acrobat
@: no status effects
A: slimy green scales 1
a: no special abilities


You were on level 2 of the Dungeon.
You visited 1 branch of the dungeon, and saw 2 of its levels.

You collected 42 gold pieces.

Inventory:

Hand Weapons
 f - a +2 dagger of venom (weapon)
Missiles
 a - 5 atropa-tipped darts
 e - 12 stones
Armour
 b - a +0 robe (worn)
 h - a +0 cloak (worn)
Jewellery
 i - an amulet of the acrobat (around neck)
Scrolls
 k - a scroll of fog {unknown}
 l - a scroll of blinking {unknown}
Potions
 c - 2 potions of invisibility
 d - a potion of heal wounds {unknown}
 g - a potion of curing {unknown}
 j - a potion of mutation {unknown}


   Skills:
 + Level 1.0 Short Blades
 + Level 1.9 Dodging
 + Level 3.2 Stealth
 + Level 2.1 Spellcasting
 + Level 3.3 Hexes


You had 3 spell levels left.
You knew the following spells:

 Your Spells              Type           Power      Damage    Failure   Level
a - Ensorcelled Hibernat  Hex/Ice        14%        N/A       16%         2

Your spell library contained the following spells:

 Spells                   Type           Power      Damage    Failure   Level
 Confusing Touch          Hex            12%        N/A       16%         3
 Tukima's Dance           Hex            12%        N/A       16%         3
 Dazzling Flash           Conj/Hex       14%        N/A       30%         3


Dungeon Overview and Level Annotations

Branches:
Dungeon (2/15)

Altars:

Annotations:
D:2 Terence


Innate Abilities, Weirdness & Mutations

You are partially covered in slimy green scales. (AC +2)


Message History

You now have 40 gold pieces (gained 5).
Found a stone staircase leading down.
A hobgoblin comes into view.
Found a stone staircase leading down.
The hobgoblin shouts!
Found a stone staircase leading up.
Found a scroll labelled DIC LOSEMEFAC.
The hobgoblin misses you.
You hit the hobgoblin.
The hobgoblin is poisoned.
The hobgoblin is almost dead.
You kill the hobgoblin!
Your Short Blades skill increases to level 1!
Found 2 gold pieces.
There is a stone staircase leading up here.
l - a scroll labelled DIC LOSEMEFAC
Found an escape hatch in the floor.
You now have 42 gold pieces (gained 2).
A bat comes into view.
There is an escape hatch in the floor here.
Terence the Incautious comes into view.
He is wielding a +0 flail.
Terence shouts!
The bat completely misses you.
Found a lumpy blue potion.
The bat misses you.
Found a scroll labelled NAVUTR JOUWUTRE.
Terence hits you with a +0 flail. Terence attacks as you move away!
Terence barely misses you. The bat barely misses you. The bat misses you.
You barely miss the bat. The bat hits you but does no damage.
You hit the bat but do no damage. The bat misses you.
The bat closely misses you.
You hit the bat.
You kill the bat!
Terence screams, "I want your blood!"
You hit Terence but do no damage. Terence misses you.
You hit Terence but do no damage.
Terence is poisoned.
Terence hits you with a +0 flail!
You hit Terence but do no damage.
Terence is lightly wounded.
Terence hits you with a +0 flail.
You die...

##.. #...#..... ###..
........ .... .....!
##.. .... #.. . #..####
####.. ... #..... ......
.?...####..###########..
#...@@..........###..
########..#####>.....
##..# ####### ##... #
..... .....# .....#
.....#


You could see Terence (very poisoned).

Vanquished Creatures
  4 ball pythons
  3 bats
  An endoplasm (D:1)
  3 goblins (D:1)
  4 hobgoblins
  A kobold (D:1)
  2 rats (D:1)
18 creatures vanquished.

Notes
Turn   | Place    | Note
-------+----------+-------------------------------------------
     0 | D:1      | xian the Demonspawn Enchanter began the quest for the Orb.
     0 | D:1      | Reached XP level 1. HP: 13/13 MP: 3/3
   100 | D:1      | Found a faded altar of an unknown god.
   296 | D:1      | Gained mutation: You are partially covered in slimy green
                  | scales. (AC +2) [demonic ancestry]
   296 | D:1      | Reached XP level 2. HP: 19/19 MP: 5/5
   302 | D:1      | Learned a level 2 spell: Ensorcelled Hibernation
   883 | D:2      | Reached skill level 1 in Short Blades
   915 | D:2      | Noticed Terence
   925 | D:2      | Slain by Terence

Illustrated notes

Levels and vault maps discovered:
D:1:      co_arrival_random_square_maze, layout_rooms,
          shapermc_ecumenical_altar_flowoftime, minmay_liquid_box
D:2:      layout_rooms, uniq_terence, uniq_sigmund

Skill      XL: |  1  2 |
---------------+-------+-----
Stealth        | 3 |  3.2
Short Blades   | 1 |  1.0
Dodging        | |  1.9
Spellcasting   | |  2.1
Hexes          | |  3.3

Action                     || total
---------------------------++-------
  Melee: Dagger            ||    65
   Stab: Sleeping          ||     1
 Armour: Robe              ||    16
  Dodge: Dodged            ||    52

Table legend: (Time is in decaauts)
 A = Elapsed time spent in this place.
 B = Non-inter-level travel time spent in this place.
 C = Inter-level travel time spent in this place.
 D = Time resting spent in this place.
 E = Time spent auto-exploring this place.
 F = Levels seen in this place.
 G = Mean time per level.
                   A        B        C        D        E       F      G
               +--------+--------+--------+--------+--------+-----+--------+
         Total |    922 |    866 |     56 |      0 |    426 |   2 |  461.0 |
       Dungeon |    922 |    866 |     56 |      0 |    426 |   2 |  461.0 |
               +--------+--------+--------+--------+--------+-----+--------+

Top non-repeatable levels by time:
     D:1: 780 daAuts
     D:2: 141 daAuts
